 Dungeon Crawl Stone Soup version 0.21.1-1-g345015fe64 (webtiles) character file.

29 Jannitor the Insei (level 3, 0/27 HPs)
             Began as a Demonspawn Transmuter on June 29, 2018.
             Slain by a quokka (2 damage)
             ... on level 1 of the Dungeon.
             The game lasted 00:03:27 (1685 turns).

Jannitor the Insei (Demonspawn Transmuter)          Turns: 1685, Time: 00:03:28

Health: 0/27       AC:  2    Str: 11    XL:     3   Next: 1%
Magic:  6/6        EV: 12    Int: 14    God:
Gold:   85         SH:  0    Dex: 13    Spells: 3/6 levels left

rFire    . . .     SeeInvis .     - Unarmed
rCold    . . .     Gourm    .   (no shield)
rNeg     . . .     Faith    .   b - +0 robe
rPois    .         Spirit   .   (no helmet)
rElec    .         Reflect  .   (no cloak)
rCorr    .         Harm     .   (no gloves)
MR       .....                  (no boots)
Stlth    +.........             (no amulet)
HPRegen  0.09/turn              (no ring)
MPRegen  0.10/turn              (no ring)

@: no status effects
A: hooves 2
a: no special abilities


You were on level 1 of the Dungeon.
You were hungry.

You visited 1 branch of the dungeon, and saw 2 of its levels.

You collected 85 gold pieces.

Inventory:

Missiles
 a - 12 arrows
 f - 103 stones (quivered)
Armour
 b - a +0 robe (worn)
Scrolls
 e - 3 scrolls of identify {unknown}
 h - a scroll of fear {unknown}
 m - a scroll of teleportation {unknown}
 p - a scroll of remove curse {unknown}
 q - a scroll of random uselessness {unknown}
 r - a scroll of enchant armour {unknown}
Potions
 g - a potion of invisibility {unknown}
 i - 2 potions of lignification {unknown}
 j - a potion of haste {unknown}
 k - a potion of heal wounds {unknown}
 l - 2 potions of curing {unknown}
 n - a potion of resistance {unknown}
 o - 2 potions of might {unknown}
Books
 c - a book of Changes

   Spells                             Type                      Level
   a - Beastly Appendage              Transmutation                1
   b - Sticks to Snakes               Transmutation                2
   c - Spider Form                    Transmutation/Poison         3
   d - Ice Form                       Ice/Transmutation            4
   e - Blade Hands                    Transmutation                5
Comestibles
 d - 2 rations


   Skills:
 + Level 1.7 Fighting
 + Level 2.2 Dodging
 + Level 3.0 Unarmed Combat
 - Level 2.0 Spellcasting
 + Level 2.1 Transmutations


You had 3 spell levels left.
You knew the following spells:

 Your Spells              Type           Power        Failure   Level  Hunger
a - Beastly Appendage     Tmut           #.....       10%         1    ##.....
b - Sticks to Snakes      Tmut           #.......     14%         2    ###....


Dungeon Overview and Level Annotations

Branches:
Dungeon (2/15)

Altars:


Innate Abilities, Weirdness & Mutations

You have hoof-like feet.


Message History

There is a stone staircase leading down here.
Unknown command.
Unknown command.
You hit the quokka but do no damage. Your kick misses the quokka.
Your headbutt misses the quokka. The quokka bites you.
The hobgoblin hits you with a club.
You miss the quokka. You kick the quokka.
The quokka is severely wounded.
Your transformation is almost over.
The quokka bites you. The hobgoblin hits you with a club.
You see here a kobold corpse.
The hobgoblin hits you with a club.
* * * LOW HITPOINT WARNING * * *
The quokka bites you.
* * * LOW HITPOINT WARNING * * *
The quokka bites you.
* * * LOW HITPOINT WARNING * * *
Your horns disappear.
The quokka bites you.
You die...

#..#####...##.#.##.#..)##.#......
#..# #...##.#.##.#...##.#.#####
#..# ###..#.#.##.#...##.#.#####
#..########.#.#.##......)........
...##...###...#.##..##..........#
#.............#.##..##..........#
.........###..#.##..##...........
..............#.##..##..........#
.........####...@...#####........
.........# #..##rg.# #########
....###### #...#...# ###....###
#...#...# .........# #...#...#
.........# #...#...#
.........####.#.#...#
.....##.....#.#.....#
.....##.....#.#.....#


You could see a quokka and a hobgoblin.

Vanquished Creatures
  A leopard gecko (D:1)
  A bat (D:1)
  3 giant cockroaches (D:1)
  2 goblins (D:1)
  A hobgoblin (D:1)
  4 jackals (D:1)
  2 ball pythons (D:1)
  4 frilled lizards (D:1)
  7 kobolds
  A rat (D:1)
26 creatures vanquished.

Notes
Turn   | Place    | Note
-------+----------+-------------------------------------------
     0 | D:1      | Jannitor the Demonspawn Transmuter began the quest for the Orb.
     0 | D:1      | Reached XP level 1. HP: 15/15 MP: 3/3
   418 | D:1      | Gained mutation: You have large cloven feet. [demonic ancestry]
   418 | D:1      | Reached XP level 2. HP: 18/21 MP: 3/5
  1248 | D:1      | Learned a level 2 spell: Sticks to Snakes
  1274 | D:1      | Reached skill level 3 in Unarmed Combat
  1620 | D:2      | Gained mutation: You have hoof-like feet. [demonic ancestry]
  1620 | D:2      | Reached XP level 3. HP: 27/27 MP: 4/6
  1685 | D:1      | Slain by a quokka

Skill      XL: |  1  2 |
---------------+-------+-----
Dodging        | 2 |  2.2
Transmutations | 2 |  2.1
Unarmed Combat | 3 |  3.0
Fighting       | |  1.7
Spellcasting   | |  2.0

Action                   || total
-------------------------++-------
Melee: Unarmed           ||    61
       Kick              ||    11
       Headbutt          ||     4
Throw: Stone             ||    37
 Cast: Beastly Appendage ||    21
  Eat: Chunk             ||     2
Armor: Robe              ||    17
Dodge: Dodged            ||    53
